 Dungeon Crawl Stone Soup version 0.29.1-15-g9cfb28693d (webtiles) character file.

Game seed: 675311714017380648

5121 issech the Protected (level 10, -10/79 HPs)
             Began as a Minotaur Monk on Feb 27, 2023.
             Was an Elder of Hepliaklqana.
             Mangled by Psyche
             ... wielding a +0 dagger of distortion
              (16 damage)
             ... on level 8 of the Dungeon.
             The game lasted 00:35:33 (7800 turns).

issech the Protected (Minotaur Monk)                Turns: 7800, Time: 00:35:34

Health: -10/79     AC: 19    Str: 19    XL:     10   Next: 32%
Magic:  9/9        EV: 17    Int:  5    God:    Hepliaklqana [****..]
Gold:   471        SH:  0    Dex: 18    Spells: 9/9 levels left

rFire   x . .      SeeInvis .   w - +10 rapier of the World {vorpal, *Rage +Blink Str+4 Int-2}
rCold   + + .      Faith    .   (no shield)
rNeg    . . .      Spirit   .   p - +0 ice dragon scales
rPois   +          Reflect  .   (helmet restricted)
rElec   .          Harm     .   i - +2 cloak
rCorr   .          Rampage  .   n - +0 pair of gloves
Will    .....      Rage     20% e - +0 pair of boots
Stlth   +.........              C - amulet of regeneration
HPRegen 1.03/turn               R - ring of poison resistance
MPRegen 0.11/turn               V - +4 ring of evasion

@: on berserk cooldown
A: reduced essence, horns 2, retaliatory headbutt
a: Renounce Religion, Evoke Blink, Recall Ancestor, Ancestor Identity,
Transference, Idealise


You were on level 8 of the Dungeon.
You worshipped Hepliaklqana.
Hepliaklqana was greatly pleased with you.
You visited 2 branches of the dungeon, and saw 9 of its levels.
You visited the Abyss 1 time.

You collected 520 gold pieces.
You spent 49 gold pieces at shops.

Inventory:

Hand Weapons
 w - the +10 rapier of the World (weapon) {vorpal, *Rage +Blink Str+4 Int-2}
   (You found it on level 3 of the Dungeon)

   It inflicts extra damage upon your enemies.
   Str:       It affects your strength (+4).
   Int:       It affects your intelligence (-2).
   +Blink:    It lets you blink.
   *Rage:     It berserks you when you make melee attacks (+20% chance).
 F - a +0 hand crossbow
 O - a +0 war axe of electrocution
Missiles
 g - 100 stones
 D - 16 poisoned darts
 G - 6 boomerangs (quivered)
 J - 2 throwing nets
 M - 2 javelins
 P - a curare-tipped dart
Armour
 b - a +0 chain mail
 e - a +0 pair of boots (worn)
 i - a +2 cloak (worn)
 n - a +0 pair of gloves (worn)
 p - +0 ice dragon scales (worn)
 H - a +0 ring mail of willpower
 X - a +1 scale mail of fire resistance
 Z - a +0 plate armour
Magical Staves
 B - a staff of conjuration
Jewellery
 C - an amulet of regeneration (around neck)
 L - an amulet of reflection
 R - a ring of poison resistance (left hand)
 V - a +4 ring of evasion (right hand)
 Y - a ring of flight
Wands
 I - a wand of flame (15)
 N - a wand of roots (4)
Scrolls
 a - a scroll of brand weapon {unknown}
 f - a scroll of noise
 j - 2 scrolls of poison
 k - 2 scrolls of enchant armour
 l - a scroll of torment {unknown}
 o - a scroll of blinking
 r - 2 scrolls of immolation
 y - 3 scrolls of teleportation
 E - 2 scrolls of vulnerability
 K - a scroll of enchant weapon
 T - a scroll of fear {unknown}
 U - a scroll of summoning {unknown}
Potions
 c - 2 potions of ambrosia
 d - 3 potions of lignification {unknown}
 h - 3 potions of flight {unknown}
 m - 8 potions of curing {unknown}
 q - 6 potions of heal wounds {unknown}
 s - 2 potions of haste {unknown}
 t - 2 potions of magic {unknown}
 u - a potion of berserk rage {unknown}
 v - a potion of brilliance {unknown}
 x - 3 potions of cancellation {unknown}
 z - a potion of attraction {unknown}
 A - 2 potions of mutation {unknown}
 S - 2 potions of degeneration {unknown}


   Skills:
 + Level 7.7 Fighting
 + Level 9.2 Short Blades
 + Level 6.1 Maces & Flails
 + Level 0.2 Throwing
 + Level 9.9 Armour
 + Level 6.5 Dodging
 + Level 4.1 Stealth


You had 9 spell levels left.
You didn't know any spells.
Your spell library contained the following spells:

 Spells                   Type           Power      Damage    Failure   Level
 Sandblast                Erth           0%         2d4       85%         1
 Blink                    Tloc           0%         N/A       94%         2
 Passwall                 Tmut/Erth      0%         N/A       94%         2
 Sublimation of Blood     Necr           0%         N/A       94%         2
 Wereblood                Tmut           0%         N/A       94%         2
 Conjure Flame            Conj/Fire      0%         6-21      99%         3
 Gell's Gravitas          Tloc           0%         N/A       99%         3
 Ignite Poison            Fire/Tmut/Pois 0%         N/A       99%         3
 Stone Arrow              Conj/Erth      0%         3d7       99%         3
 Teleport Other           Tloc           0%         N/A       99%         3
 Sticky Flame             Conj/Fire      0%         2d3       100%        4
 Manifold Assault         Tloc           0%         N/A       100%        5
 Summon Forest            Summ/Tloc      0%         N/A       100%        5
 Summon Mana Viper        Hex/Summ       0%         N/A       100%        5
 Dispersal                Tloc           0%         N/A       100%        6
 Summon Cactus Giant      Summ           0%         N/A       100%        6
 Storm Form               Tmut/Air       0%         N/A       100%        7
 Summon Hydra             Summ           0%         N/A       100%        7


Dungeon Overview and Level Annotations

Branches:
Dungeon (8/15)             Temple (1/1) D:4
   Lair: D:8-11

Altars:
Ashenzari
Cheibriados
Dithmenos
Elyvilon
Fedhas
Gozag
Hepliaklqana
Kikubaaqudgha
Makhleb
Nemelex Xobeh
Ru
Sif Muna
Trog
Uskayaw
Vehumet
Wu Jian
Xom
Yredelemnul
Zin

Shops:
D:5 =   D:8 (

Annotations:
D:8 Psyche


Innate Abilities, Weirdness & Mutations

Your life essence is reduced to manifest your ancestor. (-10% HP)
You have a pair of horns on your head.
You reflexively headbutt those who attack you in melee.


Message History

There is an open door here.
Something barely misses you.
You hear some strange, mumbled words.
A swirling arc of seething chaos appears!
An arc of chaos appears from out of thin air!
The arc of chaos hits you!
You are confused.
You hear some strange, mumbled words. x2
You're too confused to move!
You hear some strange, mumbled words.
A swirling arc of seething chaos appears!
An arc of chaos appears from out of thin air!
The arc of chaos hits you.
You feel drained.
The arc of chaos grounds out.
The yak misses you.
You hear some strange, mumbled words.
The yak attacks as you move away! The yak gores you.
* * * LOW HITPOINT WARNING * * *
You feel yourself speed up.
You hear some strange, mumbled words.
A swirling arc of seething chaos appears!
An arc of chaos appears from out of thin air!
The arc of chaos hits the yak.
The yak is poisoned.
The arc of chaos hits the yak but does no damage.
The yak barely misses you.
You're too confused to move!
The yak closely misses you.
You closely miss something. You headbutt something!
You feel less confused. Something hits you but does no damage.
Space warps horribly around you!
* * * LOW HITPOINT WARNING * * *
You miss something. Your headbutt misses something.
The yak dies!
You hear some strange, mumbled words.
A swirling arc of seething chaos appears!
An arc of chaos appears from out of thin air!
The arc of chaos hits you. The fire burns you terribly!
* * * LOW HITPOINT WARNING * * *
Your life force feels restored.
You hit something. Something hits you but does no damage.
Space warps horribly around you!
You die...

#........... # #.>......... #
#........... # #...††......
########## #'########
#.......##
#.##.....######.......##
#..'..........+.......+.
####......#####.......##
+...@..# #.......#
#..{...#####.......#
#.........##.......#
#).....##†##.......## ###
#......#.............
####..###....>.#.†##.......##
##......##.####.#..#..........
#.....⌠.##[# #.#..#.#########
#.P~P....).# #.#..#. #


There were no monsters in sight!

Vanquished Creatures
  Grinder (D:6)
  Sigmund (D:5)
  3 yaks (D:8)
  A wyvern (D:7)
  Menkaure (D:7)
  A water moccasin (D:5)
  A black bear (D:4)
  3 ice beasts
  2 orc warriors
  2 ogres (D:4)
  2 centaurs
  A phantom (D:3)
  A kobold brigand (D:8)
  A scorpion (D:3)
  A bullfrog (D:7)
  A necrophage (D:4)
  4 killer bees (D:8)
  5 howler monkeys
  An electric eel (D:7)
  2 hounds
  A lava snake (D:7)
  Crazy Yiuf (D:7)
  2 orc priests
  A jelly (D:7)
  Terence (D:2)
  Natasha (thrice) (D:4)
  6 orc wizards
  8 adders
  A white imp (D:7)
  A worm (D:2)
  3 dart slugs
  25 orcs
  5 endoplasms
  2 giant cockroaches
  6 goblins
  8 hobgoblins
  14 kobolds
  2 quokkas
  A training dummy (D:8)
  6 ball pythons
  4 bats
  4 frilled lizards
  9 rats
149 creatures vanquished.

Vanquished Creatures (collateral kills)
  Prince Ribbit (D:5)
  A shadow (D:8)
  A water moccasin (D:5)
  A sky beast (D:7)
  An orc warrior (D:8)
  4 ice beasts
  A black bear (D:6)
  A bullfrog (D:6)
  2 howler monkeys
  6 orc priests
  A hound (D:6)
  3 iguanas
  An orc wizard (D:6)
  2 adders
  A shadow imp (D:7)
  A white imp (D:7)
  An ufetubus (D:4)
  10 orcs
  A quokka (D:5)
  2 training dummies (D:8)
  5 kobolds (D:8)
47 creatures vanquished.

Vanquished Creatures (others)
  A yak (D:8)
  A battlemage (D:8)
  3 fungi (D:7)
5 creatures vanquished.

Grand Total: 201 creatures vanquished

Notes
Turn   | Place    | Note
-------+----------+-------------------------------------------
     0 | D:1      | issech the Minotaur Monk began the quest for the Orb.
     0 | D:1      | Reached XP level 1. HP: 19/19 MP: 0/0
   348 | D:1      | Reached XP level 2. HP: 22/27 MP: 1/1
  1302 | D:2      | Reached XP level 3. HP: 33/33 MP: 2/2
  1364 | D:2      | Noticed Terence
  1378 | D:2      | Killed Terence
  1775 | D:2      | Reached XP level 4. HP: 41/41 MP: 3/3
  2257 | D:3      | Identified the +10 rapier of the World {vorpal, *Rage
                  | +Blink Str+4 Int-2}
  2267 | D:3      | Noticed a scorpion
  2277 | D:3      | Killed a scorpion
  2278 | D:3      | Reached skill level 5 in Maces & Flails
  2278 | D:3      | Reached XP level 5. HP: 46/47 MP: 4/4
  2394 | D:3      | Reached skill level 1 in Armour
  2408 | D:3      | Reached skill level 1 in Short Blades
  2414 | D:3      | Found an ornate altar of the Wu Jian Council.
  2742 | D:3      | Noticed a phantom
  2754 | D:3      | Killed a phantom
  2755 | D:3      | Reached XP level 6. HP: 55/55 MP: 5/5
  2833 | D:3      | Found a white marble altar of Elyvilon.
  3161 | D:4      | Noticed Natasha
  3165 | D:4      | Killed Natasha
  3166 | D:4      | Reached skill level 5 in Fighting
  3174 | D:4      | Noticed Natasha
  3178 | D:4      | Killed Natasha
  3288 | D:4      | Found a staircase to the Ecumenical Temple.
  3333 | D:4      | Reached XP level 7. HP: 50/61 MP: 6/6
  3576 | Temple   | Entered the Ecumenical Temple
  3721 | Temple   | Became a worshipper of Hepliaklqana the Forgotten
  3721 | Temple   | Reached * piety under Hepliaklqana
  3721 | Temple   | Reached ** piety under Hepliaklqana
  3722 | Temple   | Remembered your ancestor Eshargamelat as a battlemage
  3933 | D:4      | Reached skill level 5 in Dodging
  4408 | D:5      | Entered Level 5 of the Dungeon
  4414 | D:5      | Found Ahae's Jewellery Shop.
  4460 | D:5      | Noticed Prince Ribbit
  4471 | D:5      | Killed Prince Ribbit
  4531 | D:5      | Reached XP level 8. HP: 63/63 MP: 7/7
  4664 | D:5      | Reached skill level 5 in Short Blades
  4700 | D:5      | Reached skill level 5 in Armour
  5003 | D:4      | Noticed Natasha
  5006 | D:4      | Killed Natasha
  5038 | D:5      | Noticed Sigmund
  5041 | D:5      | Killed Sigmund
  5249 | D:6      | Reached *** piety under Hepliaklqana
  5361 | D:6      | Noticed Grinder
  5368 | D:6      | Killed Grinder
  5369 | D:6      | Reached XP level 9. HP: 70/70 MP: 8/8
  6405 | D:7      | Noticed Menkaure
  6413 | D:7      | Killed Menkaure
  6590 | D:7      | Found an opulent altar of Gozag.
  6873 | D:7      | Found a runed translucent door.
  6874 | D:7      | Noticed Crazy Yiuf
  6952 | D:7      | Reached XP level 10. HP: 77/77 MP: 9/9
  6994 | D:7      | Killed Crazy Yiuf
  7343 | D:8      | Found Qoixoyst's Firing Range.
  7392 | D:8      | Reached **** piety under Hepliaklqana
  7552 | D:8      | Bought a +0 hand crossbow for 49 gold pieces
  7764 | D:8      | Noticed Psyche
  7775 | Abyss:1  | Cast into level 1 of the Abyss (Psyche)
  7784 | D:8      | Escaped the Abyss
  7800 | D:8      | Mangled by Psyche

Illustrated notes

Levels and vault maps discovered:
D:1:      scummos_arrival_forest, layout_basic
D:2:      layout_basic, minmay_pentomino_z2, uniq_terence
D:3:      layout_loops_ring, nicolae_wu_jian_wuxing_cycle,
          mainiacjoe_overflow_six_doors_small, st_stairs_12
D:4:      layout_basic, minmay_temple_entry_mini_moons,
          minmay_stone_trees_small, minmay_misc_feat_four_crosses,
          hangedman_abyss_or_decor_stagger, minmay_starry_boxes, uniq_natasha
D:5:      layout_basic, serial_shops, nicolae_shop_crystal, minmay_door_square,
          chequers_serial_rivers_small_3, uniq_sigmund, uniq_prince_ribbit1
D:6:      layout_gridville, uniq_grinder
D:7:      wander_river, layout_cave_pools, mainiacjoe_overflow_tiny_flanked,
          serial_glass, glass_columns_b, glass_columns_a, glass_columns_a,
          glass_columns_b, glass_columns_a, serial_bayou_pond_e,
          nicolae_lava_and_water, minmay_increasing_density, uniq_menkaure,
          uniq_crazy_yiuf_cottage
D:8:      layout_basic, tso_oasis_becter, nicolae_shop_firing_range, uniq_psyche
Temple:   nicolae_temple_elliptical

Skill      XL: |  1  2  3  4  5  6  7  8  9 10 |
---------------+-------------------------------+-----
Maces & Flails | 4 5 6 |  6.1
Fighting       | 4 5 6 7 |  7.7
Dodging        | 4 5 6 |  6.5
Stealth        | 2 3 4 |  4.1
Armour         | 1 2 4 7 9 |  9.9
Short Blades   | 1 2 4 6 8 9 |  9.2
Throwing       | |  0.2

Action                   |  1- 3 |  4- 6 |  7- 9 | 10-12 || total
-------------------------+-------+-------+-------+-------++-------
Melee: Mace              |    63 |    24 |       |       ||    87
       Headbutt          |    10 |    13 |    19 |    12 ||    54
       Dagger            |     1 |       |       |       ||     1
       Rapier            |       |    64 |   120 |    51 ||   235
       Punch             |       |       |       |     1 ||     1
Throw: Boomerang         |       |       |       |     3 ||     3
Invok: Ancestor Life: Ba |       |       |     1 |       ||     1
  Use: Scroll            |       |       |     8 |       ||     8
 Stab: Sleeping          |     1 |       |       |       ||     1
       Distracted        |       |       |     5 |     2 ||     7
Armor: Robe              |     9 |       |       |       ||     9
       Scale mail        |     4 |       |       |       ||     4
       Ice dragon scales |     3 |    55 |    42 |    20 ||   120
Dodge: Dodged            |    35 |    48 |    86 |    46 ||   215
